 Dungeon Crawl Stone Soup version 0.28-a0-1447-ga5a8893891 (webtiles) character file.

Game seed: 2338154541713122544

168 HallandMoats the Skirmisher (level 5, -3/47 HPs)
             Began as a Ghoul Fighter on Jan 12, 2022.
             Slain by a bullfrog (4 damage)
             ... on level 4 of the Dungeon.
             The game lasted 00:03:38 (2675 turns).

HallandMoats the Skirmisher (Ghoul Fighter)         Turns: 2675, Time: 00:03:39

Health: -3/47      AC:  6    Str: 20    XL:     5   Next: 48%
Magic:  4/4        EV:  9    Int:  5    God:
Gold:   100        SH:  4    Dex:  8    Spells: 4/4 levels left

rFire   . . .      SeeInvis .   b - +1 dagger (protect)
rCold   + . .      Faith    .   c - +0 buckler
rNeg    + + +      Spirit   .   j - +0 scale mail
rPois   ∞          Reflect  .   (no helmet)
rElec   .          Harm     .   (no cloak)
rCorr   .          Rampage  .   (no gloves)
Will    .....                   (no boots)
Stlth   ..........              (no amulet)
HPRegen 0.00/turn               (no ring)
MPRegen 0.09/turn               (no ring)

@: inhibited regen
A: claws 1, cold resistance 1, negative energy resistance 3, inhibited
regeneration, torment resistance 2
a: no special abilities


You were on level 4 of the Dungeon.
You visited 1 branch of the dungeon, and saw 4 of its levels.

You collected 100 gold pieces.

Inventory:

Hand Weapons
 a - a +0 war axe
 b - a +1 dagger of protection (weapon)
Armour
 c - a +0 buckler (worn)
 d - a +0 helmet
 j - a +0 scale mail (worn)
Wands
 i - a wand of digging (9)
Scrolls
 g - 4 scrolls of identify {unknown}
 h - 2 scrolls of blinking {unknown}
 k - 2 scrolls of fog {unknown}
 l - a scroll of noise {unknown}
 m - a scroll of enchant weapon {unknown}
 n - a scroll of fear {unknown}
 o - a scroll of silence {unknown}


   Skills:
 * Level 4.5 Fighting
 * Level 2.9 Axes
 + Level 3.1 Armour
 + Level 1.4 Dodging
 + Level 3.2 Shields


You had 4 spell levels left.
You didn't know any spells.
Your spell library contained the following spells:

 Spells                   Type           Power      Damage    Failure   Level
 Magic Dart               Conj           0%         1d3       89%         1
 Searing Ray              Conj           0%         2d4       96%         2
 Fulminant Prism          Conj/Hex       0%         3d6       100%        4


Dungeon Overview and Level Annotations

Branches:
Dungeon (4/15)
 Temple: D:4-7

Altars:

Shops:
D:1 =


Innate Abilities, Weirdness & Mutations

You thrive by killing the living.
You are immune to poison.
You have sharp fingernails.
Your flesh is cold resistant. (rC+)
You are immune to negative energy. (rN+++)
You do not regenerate when monsters are visible.
You are immune to unholy pain and torment.


Message History

The bullfrog barely misses you. The bullfrog hits you.
The bullfrog barely misses you. The bullfrog hits you!
* * * LOW HITPOINT WARNING * * *
The bullfrog hits you.
* * * LOW HITPOINT WARNING * * *
Okay, then.
It was a potion of curing.
You feel better. You block the bullfrog's attack.
You hit the bullfrog.
Your weapon exudes an aura of protection.
The bullfrog is moderately wounded.
The bullfrog barely misses you. The bullfrog hits you.
* * * LOW HITPOINT WARNING * * *
You hit the bullfrog.
The bullfrog is moderately wounded.
The bullfrog barely misses you.
You closely miss the bullfrog.
The bullfrog is moderately wounded.
The bullfrog hits you.
* * * LOW HITPOINT WARNING * * *
The bullfrog hits you but does no damage.
It was a potion of lignification.
You feel woody for a moment.
The bullfrog hits you but does no damage.
You hit the bullfrog.
The bullfrog is moderately wounded.
The bullfrog hits you.
* * * LOW HITPOINT WARNING * * *
The bullfrog barely misses you.
The bullfrog hits you but does no damage.
You feel better. The bullfrog hits you.
* * * LOW HITPOINT WARNING * * *
Found a stone staircase leading up.
The bullfrog hits you.
* * * LOW HITPOINT WARNING * * *
The bullfrog barely misses you. The bullfrog closely misses you.
The bullfrog hits you.
* * * LOW HITPOINT WARNING * * *
There is a stone staircase leading up here.
The bullfrog hits you.
You die...

.... .... ....
#### .... #..
....##### #.#
........########@#
#'#...#.#..Jg.oF.#
........#.#......#
..(.....#.#.######
..o....##.#.#
......oo#g#.#
.......o#.#.#
........#J#.#
......J.#o#.#


You could see a bullfrog, an orc, an endoplasm and a hobgoblin.

Vanquished Creatures
  A hound (D:3)
  Jessica (D:2)
  An adder (D:2)
  4 gnolls (D:3)
  A worm (D:3)
  5 orcs (D:3)
  4 bats
  9 endoplasms
  2 giant cockroaches
  4 goblins
  4 hobgoblins
  3 quokkas (D:1)
  3 ball pythons
  6 frilled lizards
  3 kobolds
  6 rats
57 creatures vanquished.

Notes
Turn   | Place    | Note
-------+----------+-------------------------------------------
     0 | D:1      | HallandMoats the Ghoul Fighter began the quest for the Orb.
     0 | D:1      | Reached XP level 1. HP: 19/19 MP: 0/0
   124 | D:1      | Reached XP level 2. HP: 24/26 MP: 1/1
   427 | D:1      | Found Kibloofuucs's Jewellery Emporium.
   581 | D:2      | Reached XP level 3. HP: 33/33 MP: 2/2
   693 | D:2      | Noticed Jessica
   707 | D:2      | Killed Jessica
   824 | D:2      | Reached skill level 4 in Fighting
   966 | D:2      | Reached skill level 1 in Dodging
   966 | D:2      | Reached XP level 4. HP: 37/40 MP: 3/3
  1736 | D:3      | Reached XP level 5. HP: 43/46 MP: 4/4
  2524 | D:4      | Noticed an ogre
  2673 | D:4      | HP: 1/47 [bullfrog (3)]
  2675 | D:4      | Slain by a bullfrog

Illustrated notes

Levels and vault maps discovered:
D:1:      mrwooster_arrival_statue_3, layout_rooms, serial_shops,
          nicolae_diamond_shop
D:2:      layout_loops_cross, uniq_jessica
D:3:      layout_loops_ring, small_statue_intersection, bh_walls_and_bars
D:4:      layout_basic, serial_bayou_pond_e, uniq_duvessa

Skill      XL: |  1  2  3  4 |
---------------+-------------+-----
Axes           | 2 |  2.9
Shields        | 3 |  3.2
Fighting       | 4 |  4.5
Dodging        | 1 |  1.4
Armour         | 3 |  3.1

Action                   |  1- 3 |  4- 6 || total
-------------------------+-------+-------++-------
Melee: War axe           |    63 |       ||    63
       Dagger            |     6 |   152 ||   158
  Use: Potion            |       |     4 ||     4
Armor: Scale mail        |    37 |    67 ||   104
Dodge: Dodged            |    34 |    66 ||   100
Block: Buckler           |    17 |    29 ||    46

Table legend: (Time is in decaauts)
 A = Elapsed time spent in this place.
 B = Non-inter-level travel time spent in this place.
 C = Inter-level travel time spent in this place.
 D = Time resting spent in this place.
 E = Time spent auto-exploring this place.
 F = Levels seen in this place.
 G = Mean time per level.
                   A        B        C        D        E       F      G
               +--------+--------+--------+--------+--------+-----+--------+
         Total |   2708 |   2568 |    140 |      0 |   2012 |   4 |  677.0 |
       Dungeon |   2708 |   2568 |    140 |      0 |   2012 |   4 |  677.0 |
               +--------+--------+--------+--------+--------+-----+--------+

Top non-repeatable levels by time:
     D:3: 1200 daAuts
     D:2: 802 daAuts
     D:1: 557 daAuts
     D:4: 148 daAuts
